 Dungeon Crawl Stone Soup version 0.28-a0-796-gd4f0d3f9b2 (webtiles) character file.

Game seed: 11233287490539310182

81 Berzilk the Vexing (level 4, -1/21 HPs)
             Began as a Spriggan Enchanter on Nov 6, 2021.
             Slain by a goblin (5 damage)
             ... led by Robin
             ... on level 2 of the Dungeon.
             The game lasted 00:05:39 (2771 turns).

Berzilk the Vexing (Spriggan Enchanter)             Turns: 2771, Time: 00:05:40

Health: -1/21      AC:  2    Str:  5    XL:     4   Next: 19%
Magic:  4/11       EV: 17    Int: 16    God:
Gold:   63         SH:  0    Dex: 15    Spells: 3/11 levels left

rFire   . . .      SeeInvis +   a - +1 dagger
rCold   . . .      Faith    .   (shield restricted)
rNeg    . . .      Spirit   .   b - +0 robe
rPois   .          Reflect  .   (helmet restricted)
rElec   .          Harm     .   (no cloak)
rCorr   .          Rampage  .   (gloves unavailable)
Will    .....                   (boots unavailable)
Stlth   +++.......              (no amulet)
HPRegen 0.07/turn               (no ring)
MPRegen 0.12/turn               (no ring)

@: very quick
A: very small, no large weapons, unfitting armour, see invisible, speed 3
a: no special abilities


You were on level 2 of the Dungeon.
You visited 1 branch of the dungeon, and saw 2 of its levels.

You collected 63 gold pieces.

Inventory:

Hand Weapons
 a - a +1 dagger (weapon)
Missiles
 h - 11 poisoned darts (quivered)
Armour
 b - a +0 robe (worn)
Scrolls
 g - 3 scrolls of teleportation
Potions
 c - a potion of invisibility
 d - a potion of mutation {unknown}
 e - 4 potions of curing
 f - a potion of haste {unknown}


   Skills:
 - Level 1.1 Short Blades
 - Level 2.6 Dodging
 - Level 4.4 Stealth
 + Level 4.3 Spellcasting
 + Level 5.0 Hexes


You had 3 spell levels left.
You knew the following spells:

 Your Spells              Type           Power      Damage    Failure   Level
a - Ensorcelled Hibernat  Hex/Ice        22%        N/A       9%          2
b - Tukima's Dance        Hex            19%        N/A       6%          3
c - Dazzling Flash        Conj/Hex       22%        N/A       17%         3

Your spell library contained the following spells:

 Spells                   Type           Power      Damage    Failure   Level
 Confusing Touch          Hex            19%        N/A       6%          3


Dungeon Overview and Level Annotations

Branches:
Dungeon (2/15)

Altars:

Annotations:
D:2 Robin


Innate Abilities, Weirdness & Mutations

You are very small and have problems with some larger weapons.
You are too small for most types of armour.
You have supernaturally acute eyesight. (SInv)
You cover ground extremely quickly. (Speed+++)


Message History

Press: ? - help, Shift-Dir - straight line, f/p - Robin
Aim: Robin, wielding a +0 club, wearing a +0 animal skin and wearing a +0 helmet (chance to affect: 50%) Robin looks drowsy...
The adder hisses angrily.
The bat misses you. x2; The hobgoblin barely misses you.
The helpless Robin fails to defend themself.
You puncture Robin!
Robin is almost dead.
The bat hits you. The bat barely misses you. The hobgoblin misses you.
Robin roars a battlecry!
Unknown command.
You closely miss Robin.
Robin is almost dead.
The bat misses you. The hobgoblin barely misses you.
Robin throws the goblin at you!
You hit Robin.
Robin is almost dead.
The bat misses you. The bat hits you. The goblin barely misses you.
The hobgoblin completely misses you. Robin hits you with a +0 club.
You hit Robin.
Robin is almost dead.
The bat barely misses you. The goblin hits you with a +0 dagger.
The hobgoblin closely misses you.
You are too injured to fight recklessly!
You are too injured to fight recklessly!
Unknown command.
Casting: Ensorcelled Hibernation (safe; 9% risk of failure)
Confirm with . or Enter, or press ? or * to list all spells.
Aiming: Ensorcelled Hibernation (safe; 9% risk of failure)
Press: ? - help, Shift-Dir - straight line, f - goblin, p - Robin
Aim: a goblin, wielding a +0 dagger (strong, chance to affect: 60%)
The goblin looks drowsy...
The adder closely misses you. The hobgoblin hits you.
* * * LOW HITPOINT WARNING * * *
The adder misses you.
The helpless goblin fails to defend itself.
You puncture the goblin!
You kill the goblin!
Robin throws the goblin at you! The goblin hits you with a +0 club.
You die...

#......+ #.# ####...#
#.# .# ...# #.# .. #.#
#.## #.# ... #.# .. #.#
.### # #.##S..#.# #
#.g@gb...####. .(.#
#.####gg.......^ ...
#.##..g.######.###.#
##.......#......S...#
.......###g###......###
#........g...g........#
#.........g###.#....#..
#......[##.)g).......†.
#......<##.###.##......


You could see Robin, an adder, 3 hobgoblins, a goblin (strong) and a bat.

Vanquished Creatures
  A worm (D:2)
  3 dart slugs
  3 ball pythons
  4 bats
  10 endoplasms
  A giant cockroach (D:1)
  5 hobgoblins (D:1)
  A kobold (D:1)
  2 quokkas
  5 goblins
  5 rats
40 creatures vanquished.

Vanquished Creatures (collateral kills)
  Jessica (D:2)
1 creature vanquished.

Vanquished Creatures (others)
  3 plants (D:1)
3 creatures vanquished.

Grand Total: 44 creatures vanquished

Notes
Turn   | Place    | Note
-------+----------+-------------------------------------------
     0 | D:1      | Berzilk the Spriggan Enchanter began the quest for the Orb.
     0 | D:1      | Reached XP level 1. HP: 9/9 MP: 5/5
   483 | D:1      | Reached skill level 4 in Hexes
   483 | D:1      | Reached XP level 2. HP: 13/13 MP: 7/7
   486 | D:1      | Learned a level 2 spell: Ensorcelled Hibernation
  1589 | D:1      | Reached XP level 3. HP: 16/16 MP: 9/9
  1593 | D:1      | Learned a level 3 spell: Tukima's Dance
  1597 | D:1      | Learned a level 3 spell: Dazzling Flash
  2002 | D:2      | Noticed Jessica
  2116 | D:2      | Killed Jessica
  2209 | D:2      | Reached XP level 4. HP: 21/21 MP: 8/11
  2334 | D:2      | Noticed Robin
  2377 | D:2      | Reached skill level 5 in Hexes
  2771 | D:2      | Slain by a goblin

Illustrated notes

Levels and vault maps discovered:
D:1:      dpeg_arrival_pond, layout_rooms, serial_bayou, serial_bayou_ford_a,
          serial_bayou_lagoon_a, serial_bayou_shore_a, serial_bayou_pond_b,
          serial_bayou_pond_c, serial_bayou_pond_d
D:2:      layout_basic, uniq_robin, uniq_sigmund, uniq_jessica

Skill      XL: |  1  2  3  4 |
---------------+-------------+-----
Spellcasting   | 3 4 |  4.3
Hexes          | 4 5 |  5.0
Short Blades   | |  1.1
Dodging        | |  2.6
Stealth        | |  4.4

Action                   |  1- 3 |  4- 6 || total
-------------------------+-------+-------++-------
Melee: Dagger            |   108 |    34 ||   142
 Cast: Ensorcelled Hiber |    24 |    12 ||    36
       Tukima's Dance    |     4 |       ||     4
  Use: Scroll            |     2 |       ||     2
       Potion            |     1 |       ||     1
 Stab: Sleeping          |    16 |     8 ||    24
Armor: Robe              |    18 |     4 ||    22
Dodge: Dodged            |    92 |    40 ||   132

Table legend: (Time is in decaauts)
 A = Elapsed time spent in this place.
 B = Non-inter-level travel time spent in this place.
 C = Inter-level travel time spent in this place.
 D = Time resting spent in this place.
 E = Time spent auto-exploring this place.
 F = Levels seen in this place.
 G = Mean time per level.
                   A        B        C        D        E       F      G
               +--------+--------+--------+--------+--------+-----+--------+
         Total |   2390 |   2371 |     19 |    495 |   1328 |   2 | 1195.0 |
       Dungeon |   2390 |   2371 |     19 |    495 |   1328 |   2 | 1195.0 |
               +--------+--------+--------+--------+--------+-----+--------+

Top non-repeatable levels by time:
     D:1: 2046 daAuts
     D:2: 343 daAuts
